AoeStats
← Allen

QS Arena

503112230Analyzed
2v2 RM · 1mo ago on Aug 30, 2026· 49m 7s· 4 players
Game mode
Random Map
Map size
Medium (4 player)
Population
200
Speed
Normal
Resources
Low
Victory
Standard
Starting age
Dark Age
Ending age
Imperial Age
RankedLock teamsTeams togetherTeam positionsShared explorationLock speedFull tech treeHidden civsTurbo modeCheats
Victory
Defeat
🇦🇷 Celts · Argentina
797
+15
🇫🇷 Burgundians · France
724
+18
776
-17
🇹🇼 Byzantines · Taiwan
762
-16
VOMITED BLASFEMIN TORMENTOR
0:49 Loom
17:10 Feudal Age
22:48 Horse Collar
22:56 Double-Bit Axe
29:33 Castle Age
29:34 Wheelbarrow
38:40 Heavy Plow
38:53 Bow Saw
40:11 Scale Mail Armor
40:22 Forging
40:13 Padded Archer Armor
40:04 Fletching
40:06 Town Watch
42:47 Squires
45:27 Imperial Age
45:35 Imperial Age
43:28 Hand Cart
44:54 Stone Mining
44:55 Gold Mining
47:15 Chain Mail Armor
Allen
0:34 Loom
10:43 Feudal Age
11:28 Double-Bit Axe
11:37 Stone Mining
11:43 Gold Mining
15:13 Horse Collar
21:19 Castle Age
22:07 Squires
21:27 Pikeman
22:11 Heavy Plow
22:44 Bow Saw
22:49 Caravan
24:49 Murder Holes
26:07 Stone Shaft Mining
26:33 Gold Shaft Mining
26:56 Husbandry
28:38 Fortified Wall
34:38 Imperial Age
36:29 Imperial Age
L_messi67
9:59 Feudal Age
9:06 Wheelbarrow
10:04 Feudal Age
9:09 Double-Bit Axe
10:25 Horse Collar
14:32 Heavy Plow
26:53 Hand Cart
30:33 Castle Age
37:14 Forging
37:05 Padded Archer Armor
36:57 Fletching
37:08 Scale Mail Armor
37:14 Scale Barding Armor
37:41 Gold Mining
37:42 Stone Mining
38:16 Town Watch
39:40 Caravan
40:12 Coinage
39:52 Guilds
39:42 Bodkin Arrow
40:23 Iron Casting
41:10 Fortified Wall
41:22 Ballistics
40:54 Loom
41:10 Town Patrol
42:11 Chain Mail Armor
42:13 Leather Archer Armor
42:19 Chain Barding Armor
44:36 Imperial Age
47:19 Burgundian Vineyards
47:36 Conscription
47:33 Bow Saw
47:59 Crop Rotation
48:25 Husbandry
47:46 Light Cavalry
49:29 Plate Mail Armor
royerickmelendez
10:10 Feudal Age
12:28 Wheelbarrow
11:50 Horse Collar
11:59 Double-Bit Axe
17:29 Castle Age
17:42 Stone Mining
17:47 Gold Mining
18:56 Hand Cart
18:48 Heavy Plow
19:39 Bow Saw
20:07 Forging
19:58 Scale Mail Armor
21:07 Stone Shaft Mining
21:10 Gold Shaft Mining
25:07 Chain Mail Armor
25:29 Iron Casting
24:56 Padded Archer Armor
29:46 Imperial Age
27:28 Arson
31:32 Capped Ram
32:49 Plate Mail Armor
33:20 Blast Furnace
32:35 Leather Archer Armor
34:12 Elite Woad Raider
35:13 Conscription
37:14 Ring Archer Armor
40:12 Caravan
44:51 Siege Ram
Connection lost

Rejoining the realm…

Still unreachable

The connection could not be restored.

Session expired

The server has moved on; the page needs a fresh start.